 Dungeon Crawl Stone Soup version 0.29-a0-920-g5d2155ec51 (webtiles) character file.

Game seed: 11327928812589610085

18020 Conn the Arsonist (level 12, 0/78 HPs)
             Began as an Octopode Fire Elementalist on July 27, 2022.
             Was a Follower of Sif Muna.
             Slain by a fire crab (13 damage)
             ... on level 3 of the Lair of Beasts.
             The game lasted 00:38:53 (17982 turns).

Conn the Arsonist (Octopode Fire Elementalist)     Turns: 17982, Time: 00:38:53

Health: 0/78       AC:  5    Str:  7    XL:     12   Next: 54%
Magic:  33/43      EV: 15    Int: 23    God:    Sif Muna [*.....]
Gold:   260        SH:  0    Dex: 22    Spells: 3/29 levels left

rFire   . . .      SeeInvis .   c - +11 short sword of Hifirao {speed, Fly rPois rF- Will+ Dex+4}
rCold   . . .      Faith    .   (no shield)
rNeg    + . .      Spirit   .   (helmet restricted)
rPois   +          Reflect  .   u - amulet of the acrobat
rElec   .          Harm     .   r - ring of positive energy
rCorr   .          Rampage  .   m - ring of flight
Will    ++...                   z - ring of magical power
Stlth   +++++.....              A - +6 ring of dexterity
HPRegen 0.23/turn               N - ring of willpower
MPRegen 0.28/turn               g - ring "Ocwin" {rF+ AC+4}
                                R - ring of magical power
                                (no ring)

@: flying, studying Polearms
A: almost no armour, amphibious, 8 rings, camouflage 1, gelatinous body 1,
(nimble swimmer 1), tentacles
a: Renounce Religion, Channel Magic


You were on level 3 of the Lair of Beasts.
You worshipped Sif Muna.
Sif Muna was aware of your devotion.
You visited 3 branches of the dungeon, and saw 15 of its levels.
You also visited: Ossuary.

You collected 1100 gold pieces.
You spent 840 gold pieces at shops.

Inventory:

Hand Weapons
 a - the +7 spear of Racvycw {pain, Will+ Stlth+}
   (You found it on level 4 of the Dungeon)

   In the hands of one skilled in necromantic magic, it inflicts extra damage on
   living creatures.
   Will:      It increases your willpower.
   Stlth:     It makes you more stealthy.
 b - a +3 vorpal short sword
 c - the +11 short sword of Hifirao (weapon) {speed, Fly rPois rF- Will+ Dex+4}
   (You bought it in a shop on level 11 of the Dungeon)

   Attacks with this weapon are significantly faster.
   Dex:       It affects your dexterity (+4).
   rF:        It makes you vulnerable to fire.
   rPois:     It protects you from poison.
   Fly:       It grants you flight.
   Will:      It increases your willpower.
 o - the +6 great mace of the Loving Dragonfly {pain, rC+}
   (You bought it in a shop on level 11 of the Dungeon)

   In the hands of one skilled in necromantic magic, it inflicts extra damage on
   living creatures.
   rC:        It protects you from cold.
 B - a +1 falchion of protection
Missiles
 l - 3 boomerangs of dispersal
 F - 4 throwing nets
 G - a curare-tipped dart
Jewellery
 g - the ring "Ocwin" (on tentacle) {rF+ AC+4}
   (You found it on level 10 of the Dungeon)

   [ring of protection]

   AC:        It affects your AC (+4).
   rF:        It protects you from fire.
 m - a ring of flight (right tentacle)
 r - a ring of positive energy (left tentacle)
 u - an amulet of the acrobat (around mantle)
 z - a ring of magical power (on tentacle)
 A - a +6 ring of dexterity (on tentacle)
 N - a ring of willpower (on tentacle)
 R - a ring of magical power (on tentacle)
Wands
 i - a wand of mindburst (23)
 s - a wand of polymorph (1)
 t - a wand of iceblast (3)
 x - a wand of flame (35)
 J - a wand of acid (10)
 L - a wand of charming (13)
Scrolls
 e - 4 scrolls of fog
 f - 5 scrolls of immolation
 k - 4 scrolls of blinking
 n - 3 scrolls of enchant armour
 p - 4 scrolls of vulnerability
 v - a scroll of noise
 y - 4 scrolls of poison
 H - 2 scrolls of magic mapping
 M - 2 scrolls of amnesia
Potions
 d - 3 potions of haste
 h - 6 potions of attraction
 j - 2 potions of brilliance
 q - 13 potions of curing
 w - 3 potions of magic
 C - a potion of cancellation
 D - a potion of mutation
 E - 2 potions of heal wounds
 I - a potion of lignification {unknown}
 K - a potion of berserk rage {unknown}
 O - 2 potions of invisibility {unknown}
 P - a potion of ambrosia {unknown}
 Q - 2 potions of resistance
Miscellaneous
 S - a tin of tremorstones (2/2)


   Skills:
 + Level 5.7 Fighting
 + Level 1.6 Short Blades
 + Level 9.0 Polearms
 + Level 4.0 Dodging
 + Level 7.3 Stealth
 + Level 9.0 Spellcasting
 * Level 7.0 Conjurations
 + Level 3.4 Hexes
 * Level 5.1 Necromancy
 + Level 9.8 Fire Magic
 * Level 4.8 Air Magic
 - Level 4.0 Poison Magic
 + Level 0.2 Evocations


You had 3 spell levels left.
You knew the following spells:

 Your Spells              Type           Power      Damage    Failure   Level
a - Foxfire               Conj/Fire      100%       2x1d9     1%          1
b - Conjure Flame         Conj/Fire      49%        6-21      1%          3
c - Inner Flame           Hex/Fire       40%        N/A       1%          3
d - Flame Wave            Conj/Fire      49%        2d12      1%          4
e - Scorch                Fire           100%       2d10      1%          2
f - Mephitic Cloud        Conj/Pois/Air  34%        N/A       2%          3
g - Anguish               Hex/Necr       15%        N/A       11%         4
h - Searing Ray           Conj           84%        2d7       1%          2
i - Airstrike             Air            16%        0-6+      9%          4

Your spell library contained the following spells:

 Spells                   Type           Power      Damage    Failure   Level
 Magic Dart               Conj           100%       1d8       1%          1
 Call Imp                 Summ           10%        N/A       10%         2
 Fulminant Prism          Conj/Hex       17%        3d11      7%          4
 Lightning Bolt           Conj/Air       18%        1d33      16%         5
 Summon Lightning Spire   Summ/Air       21%        N/A       24%         4
 Enfeeble                 Hex            13%        N/A       100%        7


Dungeon Overview and Level Annotations

Branches:
Dungeon (11/15)            Temple (1/1) D:6            Lair (3/5) D:11
Ossuary (visited)
  Swamp: Lair:2-3    Shoals: Lair:2-3     Snake: Lair:2-3    Spider: Lair:2-3
    Orc: D:9-12

Altars:
Ashenzari
Cheibriados
Dithmenos
Elyvilon
Fedhas
Gozag
Hepliaklqana
Kikubaaqudgha
Makhleb
Nemelex Xobeh
Okawaru
Qazlal
Ru
Sif Muna
Trog
Uskayaw
Vehumet
Wu Jian
Xom
Yredelemnul
Zin
The Shining One

Shops:
D:10 *   D:11 *[:(

Portals:
Trove: D:11 (give 8 scrolls of blinking)

Annotations:
Temple 2 transporters


Innate Abilities, Weirdness & Mutations

You cannot wear most types of armour.
You are amphibious.
You can wear up to eight rings at the same time.
Your skin changes colour to match your surroundings (Stealth+).
Your rubbery body absorbs attacks. (AC +1, EV +1)
((You are camouflaged when in or above water. (Stealth+)))
You have tentacles for arms and can constrict up to eight enemies at once.


Message History

The blink frog is heavily wounded.
The blink frog's fire resistance burns away.
The blink frog is engulfed in blazing flames.
Flame seeps out of the blink frog.
A blink frog comes into view.
The blink frog hits you!
Casting: Scorch (safe; 1% risk of failure)
Confirm with . or Enter, or press ? or * to list all spells.
You conjure some foxfire!
The blink frog blinks!
The blink frog hits you.
Unknown command.
The foxfire hits the blink frog!
The blink frog is burned terribly!
Sif Muna accepts your kill.
The blink frog explodes!
The fiery explosion engulfs the blink frog!!
The blink frog is heavily wounded.
The fiery explosion engulfs your foxfire.
Your foxfire completely resists.
The foxfire hits the fire crab but does no damage.
The blink frog is engulfed in blazing flames.
Unknown command.
Unknown command.
Unknown command.
Casting: Foxfire (safe; 1% risk of failure)
Confirm with . or Enter, or press ? or * to list all spells.
Flames lash the blink frog.
The blink frog is almost dead.
The blink frog's fire resistance burns away.
The blink frog is engulfed in blazing flames.
You kill the blink frog!
Sif Muna accepts your kill.
Unknown command.
Casting: Scorch (safe; 1% risk of failure)
Confirm with . or Enter, or press ? or * to list all spells.
Flames lash the fire crab but do no damage.
The blink frog blinks!
The fire crab bites you!
You are engulfed in flames!
* * * LOW HITPOINT WARNING * * *
The fire crab claws you!
* * * LOW HITPOINT WARNING * * *
You are engulfed in flames!
You die...

###.<..§.......
#.#.............
#.......§......
#............#
##..........P##
#....§........#
##...F§§......# #..
#....§t§......###..#
##.....@...........#
#..................##
##..................#
#....#.............#
#.#.###...........##
#.###
#............##. #.#
#..............# ...
#....>........... #.#
#................


You could see a fire crab and a blink frog.

Vanquished Creatures
  2 hydras
  A boulder beetle (D:9)
  A two-headed ogre (D:11)
  2 oklob plants (D:11)
  2 cyclopes
  Joseph (D:10)
  A gargoyle (D:11)
  3 kobold demonologists (D:11)
  6 cane toads
  Maggie (D:10)
  Psyche (D:10)
  A polar bear (Lair:1)
  A hornet (D:8)
  Grinder (D:5)
  4 trolls
  2 blink frogs (Lair:3)
  Sigmund (D:4)
  2 shadows (D:10)
  9 yaks
  A spriggan (Lair:1)
  A wraith (D:9)
  A wyvern (D:9)
  Eustachio (D:4)
  Grum (D:8)
  Menkaure (D:4)
  2 steam dragons
  3 vampire mosquitoes (D:11)
  Edmund (D:6)
  An acid dragon (D:11)
  5 orc warriors
  6 water moccasins
  2 black bears
  8 wolves
  An ogre (D:6)
  5 centaurs
  2 phantoms
  2 kobold brigands (D:11)
  4 bullfrogs
  A gnoll sergeant (D:7)
  A scorpion (D:3)
  A water moccasin zombie (Ossuary)
  A necrophage (D:6)
  4 wights (D:9)
  4 killer bees (D:10)
  3 howler monkeys (D:10)
  An electric eel (D:9)
  5 bullfrog zombies (Ossuary)
  4 centaur zombies (Ossuary)
  5 orc priests
  A gnoll bouda (D:8)
  6 hounds
  An iguana (D:6)
  4 orc wizards
  3 killer bee zombies (Ossuary)
  14 mummies
  A howler monkey zombie (Ossuary)
  6 gnolls
  11 adders
  2 white imps (D:6)
  3 ufetubi
  4 worms
  2 dart slugs
  38 orcs
  7 ball pythons
  6 bats
  7 endoplasms
  2 giant cockroaches (D:2)
  4 goblins
  6 hobgoblins
  5 jackals (D:3)
  5 quokkas (D:2)
  6 frilled lizards
  A hobgoblin zombie (D:7)
  10 kobolds
  A kobold zombie (D:7)
  4 rats
  A bush (Lair:1)
281 creatures vanquished.

Vanquished Creatures (collateral kills)
  A wight (D:9)
  19 foxfires
20 creatures vanquished.

Vanquished Creatures (others)
  832 foxfires
  7 fungi
  15 plants
  5 toadstools (D:3)
  9 withered plants (Ossuary)
868 creatures vanquished.

Grand Total: 1169 creatures vanquished

Notes
Turn   | Place    | Note
-------+----------+-------------------------------------------
     0 | D:1      | Conn the Octopode Fire Elementalist began the quest for the
                  | Orb.
     0 | D:1      | Reached XP level 1. HP: 11/11 MP: 3/3
   361 | D:1      | Reached XP level 2. HP: 15/17 MP: 1/5
  1791 | D:2      | Found a hide-covered altar of Uskayaw.
  1791 | D:2      | You fall into a shaft and drop 2 floors!
  1797 | D:4      | Reached XP level 3. HP: 21/21 MP: 2/6
  2406 | D:2      | Reached XP level 4. HP: 16/27 MP: 2/7
  3475 | D:3      | Found a faded altar of an unknown god.
  3626 | D:3      | Reached XP level 5. HP: 11/31 MP: 2/9
  3898 | D:3      | Identified the +1 robe "Gomm" {rPois rC+}
  3908 | D:3      | Found a sparkling altar of Nemelex Xobeh.
  4550 | D:4      | Learned a level 2 spell: Scorch
  4554 | D:4      | Learned a level 3 spell: Conjure Flame
  4558 | D:4      | Learned a level 3 spell: Inner Flame
  4653 | D:4      | Noticed a phantom
  4669 | D:4      | Killed a phantom
  4670 | D:4      | Reached XP level 6. HP: 37/37 MP: 2/10
  4785 | D:4      | Noticed Sigmund
  4792 | D:4      | Killed Sigmund
  4793 | D:4      | Reached skill level 1 in Fighting
  4793 | D:4      | Reached skill level 1 in Short Blades
  4793 | D:4      | Reached skill level 5 in Stealth
  4793 | D:4      | Reached XP level 7. HP: 43/43 MP: 1/12
  4926 | D:4      | Found a hazy altar of Hepliaklqana.
  4927 | D:4      | Found a broken altar of Ashenzari.
  4971 | D:4      | Identified the +7 spear of Racvycw {pain, Will+ Stlth+}
  5252 | D:4      | Noticed Menkaure
  5265 | D:4      | Killed Menkaure
  5266 | D:4      | Reached skill level 1 in Polearms
  5431 | D:4      | Noticed Eustachio
  5440 | D:4      | Killed Eustachio
  5538 | D:4      | Found a snail-covered altar of Cheibriados.
  5637 | D:5      | Entered Level 5 of the Dungeon
  5691 | D:5      | Reached skill level 5 in Fire Magic
  5691 | D:5      | Noticed Grinder
  5698 | D:5      | Reached XP level 8. HP: 26/50 MP: 1/14
  5698 | D:5      | Paralysed by Grinder for 5 turns
  5708 | D:5      | Killed Grinder
  5971 | D:5      | Reached skill level 1 in Hexes
  6514 | D:5      | Learned a level 4 spell: Flame Wave
  6518 | D:5      | Learned a level 3 spell: Mephitic Cloud
  7012 | D:6      | Found a staircase to the Ecumenical Temple.
  7363 | D:6      | Reached skill level 5 in Spellcasting
  7603 | D:6      | Noticed a cyclops
  7636 | D:6      | Killed a cyclops
  7637 | D:6      | Reached skill level 5 in Polearms
  7637 | D:6      | Reached XP level 9. HP: 36/58 MP: 0/17
  7802 | D:6      | Noticed Edmund
  7817 | D:6      | Killed Edmund
  8457 | D:7      | Found a sand-covered staircase.
  8463 | Ossuary  | Entered an ossuary
  9509 | D:7      | Reached skill level 5 in Fighting
  9509 | D:7      | Reached XP level 10. HP: 66/66 MP: 19/19
  9844 | D:7      | Found a stormy altar of Qazlal.
 10172 | D:8      | Paralysed by a hornet for 2 turns
 10183 | D:8      | Reached skill level 5 in Conjurations
 10711 | D:8      | Noticed Grum
 10719 | D:8      | Killed Grum
 11098 | D:8      | Learned a level 4 spell: Anguish
 11187 | D:9      | Reached skill level 1 in Air Magic
 11187 | D:9      | Reached skill level 1 in Poison Magic
 11290 | D:9      | Noticed a boulder beetle
 11351 | D:9      | Killed a boulder beetle
 11352 | D:9      | Reached skill level 1 in Necromancy
 11882 | D:9      | Reached XP level 11. HP: 72/72 MP: 22/22
 12004 | D:9      | Learned a level 2 spell: Searing Ray
 12450 | D:10     | Entered Level 10 of the Dungeon
 12450 | D:10     | Found Ferhuiwan's Assorted Antiques.
 12460 | D:10     | Bought a scroll of identify for 60 gold pieces
 12460 | D:10     | Bought a scroll of identify for 60 gold pieces
 12596 | D:10     | Noticed Psyche
 12596 | D:10     | Noticed Maggie
 12606 | D:10     | Killed Maggie
 12613 | D:10     | Killed Psyche
 12998 | D:10     | Noticed Joseph
 13012 | D:10     | Killed Joseph
 13193 | D:10     | Identified the ring "Ocwin" {rF+ AC+4}
 13619 | Temple   | Entered the Ecumenical Temple
 13619 | Temple   | Found a transporter.
 13619 | Temple   | Found a transporter.
 13621 | Temple   | Found a transporter.
 13621 | Temple   | Found a transporter.
 13638 | Temple   | Became a worshipper of Sif Muna the Loreminder
 14263 | D:11     | Found Ijaum's Antique Weapon Shop.
 14266 | D:11     | Bought a jewelled short sword for 256 gold pieces
 14266 | D:11     | Identified the +11 short sword of Hifirao {speed, Fly rPois
                  | rF- Will+ Dex+4} (You bought it in a shop on level 11 of
                  | the Dungeon)
 14268 | D:11     | Bought a fine great mace for 368 gold pieces
 14268 | D:11     | Identified the +6 great mace of the Loving Dragonfly {pain,
                  | rC+} (You bought it in a shop on level 11 of the Dungeon)
 14514 | D:11     | Found Emib's Assorted Antiques.
 14534 | D:11     | Bought an iron wand for 96 gold pieces
 14560 | D:11     | Noticed a cyclops
 14566 | D:11     | Killed a cyclops
 14699 | D:11     | Noticed a two-headed ogre
 14710 | D:11     | Killed a two-headed ogre
 14819 | D:11     | Found Valun's Armour Emporium.
 14827 | D:11     | Learned a level 4 spell: Airstrike
 14920 | D:11     | Noticed an oklob plant
 14925 | D:11     | Killed an oklob plant
 14927 | D:11     | Found a staircase to the Lair.
 14927 | D:11     | Noticed an oklob plant
 15427 | D:11     | Found Ynlof's Book Shop.
 15604 | D:11     | Found a portal to a secret trove of treasure.
 15743 | D:11     | Reached XP level 12. HP: 75/78 MP: 24/24
 16369 | Lair:1   | Entered Level 1 of the Lair of Beasts
 16902 | Lair:1   | Noticed a four-headed hydra
 17012 | Lair:2   | Reached * piety under Sif Muna
 17093 | Lair:2   | Noticed an eight-headed hydra
 17099 | Lair:2   | Killed an eight-headed hydra
 17100 | Lair:2   | Reached skill level 5 in Necromancy
 17723 | Lair:1   | Killed a four-headed hydra
 17982 | Lair:3   | Slain by a fire crab

Illustrated notes

Levels and vault maps discovered:
D:1:      nagdon_arrival_zigzag_paths, layout_basic
D:2:      layout_basic, basic_altar, minmay_fractal_squares_gapless_5
D:3:      layout_loops_ring, nemelex_spade_bored_becter,
          shapermc_ecumenical_altar_acropolis, minmay_statues_item,
          chequers_serial_rivers_micro_c, minmay_gold_behind_fungi,
          grunt_decor_cap, kennysheep_generic_room_14
D:4:      layout_basic, nicolae_overflow_hidden_temple, uniq_eustachio,
          uniq_sigmund, uniq_menkaure
D:5:      layout_basic, uniq_grinder
D:6:      layout_basic, minmay_temple_entry_hall, minmay_misc_feat_room,
          uniq_edmund
D:7:      layout_rooms, lemuel_tele_altar, nicolae_ossuary_entry_giza,
          lightli_minifort
D:8:      layout_rooms, uniq_grum
D:9:      layout_stronghold, nrook_pool_corridor, nzn_sisyphean_effort
D:10:     layout_roguey, serial_shops, shop, nicolae_hexahallways, uniq_psyche,
          uniq_joseph, uniq_maggie
D:11:     layout_loops_cross, dpeg_oklobed_lair, serial_shops, shop_coins, shop,
          nicolae_lakefront_shop, nicolae_stop_n_shop_1, trove_entry_hex_spiral
Temple:   hellmonk_temple_divided_pantheon
Lair:1:   layout_chaotic_city, grunt_forest_large_clearing_hut,
          lemuel_fruit_fields
Lair:2:   layout_roguey
Lair:3:   layout_small_grid, skrybe_swamp_entry_bodies,
          minmay_snake_entry_six_corridors, hellmonk_ghost_happy_afterlife

Skill      XL: |  1  2  3  4  5  6  7  8  9 10 11 12 |
---------------+-------------------------------------+-----
Stealth        | 3 4 5 6 7 |  7.3
Spellcasting   | 3 4 5 6 7 8 9 |  9.0
Conjurations   | 2 3 4 5 6 7 |  7.0
Fire Magic     | 4 5 6 7 8 9 |  9.8
Fighting       | 1 2 3 5 |  5.7
Short Blades   | 1 |  1.6
Polearms       | 2 5 6 8 9 |  9.0
Dodging        | 3 4 |  4.0
Hexes          | 1 2 3 |  3.4
Air Magic      | 2 3 4 |  4.8
Poison Magic   | 2 4 |  4.0
Necromancy     | 2 4 5 |  5.1
Evocations     | |  0.2

Action                   |  1- 3 |  4- 6 |  7- 9 | 10-12 || total
-------------------------+-------+-------+-------+-------++-------
Melee: Unarmed           |    16 |       |       |       ||    16
       Tentacles         |     6 |     5 |    19 |    19 ||    49
       Constrict         |     5 |     5 |    20 |    11 ||    41
       Dagger            |     7 |    30 |     1 |       ||    38
       Spear             |       |       |    70 |    95 ||   165
       Punch             |       |       |     1 |     3 ||     4
       Short sword       |       |       |     1 |     9 ||    10
 Cast: Foxfire           |    71 |    74 |   195 |   170 ||   510
       Scorch            |       |     3 |    22 |    74 ||    99
       Inner Flame       |       |       |     9 |    32 ||    41
       Conjure Flame     |       |       |     6 |     9 ||    15
       Mephitic Cloud    |       |       |     1 |     8 ||     9
       Flame Wave        |       |       |     1 |    15 ||    16
       Airstrike         |       |       |       |     5 ||     5
       Anguish           |       |       |       |     2 ||     2
       Searing Ray       |       |       |       |     1 ||     1
Evoke: Wand              |       |       |       |     5 ||     5
  Use: Scroll            |       |       |     6 |    18 ||    24
       Potion            |       |       |     4 |     3 ||     7
 Stab: Sleeping          |     5 |     8 |     3 |     5 ||    21
       Distracted        |       |       |     1 |     2 ||     3
       Confused          |       |       |       |     7 ||     7
Armor: Skin              |     4 |       |     3 |     8 ||    15
Dodge: Dodged            |    34 |    20 |    48 |    89 ||   191

Table legend: (Time is in decaauts)
 A = Elapsed time spent in this place.
 B = Non-inter-level travel time spent in this place.
 C = Inter-level travel time spent in this place.
 D = Time resting spent in this place.
 E = Time spent auto-exploring this place.
 F = Levels seen in this place.
 G = Mean time per level.
                   A        B        C        D        E       F      G
               +--------+--------+--------+--------+--------+-----+--------+
         Total |  17939 |  17560 |    379 |    710 |  13667 |  16 | 1121.2 |
       Dungeon |  15465 |  15122 |    343 |    710 |  11791 |  11 | 1405.9 |
        Temple |     37 |     37 |      0 |      0 |      0 |   1 |   37.0 |
          Lair |   1609 |   1574 |     35 |      0 |   1281 |   3 |  536.3 |
       Ossuary |    826 |    826 |      0 |      0 |    595 |   1 |  826.0 |
               +--------+--------+--------+--------+--------+-----+--------+

Top non-repeatable levels by time:
    D:11: 2099 daAuts
     D:2: 1718 daAuts
    D:10: 1642 daAuts
     D:6: 1545 daAuts
     D:1: 1493 daAuts
     D:9: 1358 daAuts
     D:3: 1264 daAuts
     D:5: 1235 daAuts
     D:7: 1222 daAuts
     D:4: 1179 daAuts
  Lair:1: 846 daAuts
 Ossuary: 826 daAuts
  Lair:2: 724 daAuts
     D:8: 705 daAuts
  Temple: 37 daAuts
